 Dungeon Crawl Stone Soup version 0.27.1-1-g398f81649c (webtiles) character file.

Game seed: 2685821478676124141

186 ZARRMARR the Changer (level 5, 0/33 HPs)
             Began as an Octopode Transmuter on Sept 6, 2021.
             Slain by a hound (4 damage)
             ... on level 4 of the Dungeon.
             The game lasted 00:12:39 (4858 turns).

ZARRMARR the Changer (Octopode Transmuter)          Turns: 4858, Time: 00:12:41

Health: 0/33       AC:  2    Str: 10    XL:     5   Next: 66%
Magic:  8/10       EV: 13    Int: 16    God:
Gold:   1005       SH:  0    Dex: 14    Spells: 8/10 levels left

rFire    + . .     SeeInvis .     - Unarmed
rCold    . . .     Faith    .   (no shield)
rNeg     . . .     Spirit   .   (helmet currently unavailable)
rPois    .         Reflect  .   (no amulet)
rElec    .         Harm     .   l - ring of protection from fire
rCorr    .         Rampage  .   (no ring)
Will     .....                  (no ring)
Stlth    ++........             (no ring)
HPRegen  0.11/turn              (no ring)
MPRegen  0.12/turn              (no ring)
                                (no ring)
                                (no ring)

@: appendages (expiring), flying
A: tentacle spike 3, almost no armour, amphibious, 8 rings, camouflage 1,
gelatinous body 1, (nimble swimmer 1), tentacles, agile 1, deterioration 1,
shaggy fur 1
a: End Transformation


You were on level 4 of the Dungeon.
One of your tentacles had grown a beastly spike.
You visited 1 branch of the dungeon, and saw 4 of its levels.

You collected 1005 gold pieces.

Inventory:

Jewellery
 l - a ring of protection from fire (left tentacle)
Wands
 h - a wand of polymorph (8)
Scrolls
 d - 2 scrolls of teleportation {unknown}
 f - 2 scrolls of magic mapping {unknown}
 g - a scroll of fog {unknown}
Potions
 a - a potion of attraction
 b - a potion of flight
 c - a potion of mutation
 e - a potion of resistance {unknown}
 i - 2 potions of heal wounds {unknown}
 j - a potion of curing {unknown}
 k - a potion of magic {unknown}


   Skills:
 - Level 1.0 Fighting
 - Level 2.0 Dodging
 - Level 3.0 Unarmed Combat
 + Level 3.3 Spellcasting
 + Level 3.5 Transmutations
 + Level 2.8 Ice Magic


You had 8 spell levels left.
You knew the following spells:

 Your Spells              Type           Power      Damage    Failure   Level
a - Beastly Appendage     Tmut           28%        N/A       4%          1
b - Shock                 Conj/Air       8%         1d3       19%         1

Your spell library contained the following spells:

 Spells                   Type           Power      Damage    Failure   Level
 Wereblood                Tmut           14%        N/A       6%          2
 Ozocubu's Armour         Ice            11%        N/A       17%         3
 Spider Form              Tmut/Pois      4%         N/A       26%         3
 Ice Form                 Ice/Tmut       13%        N/A       43%         4
 Swiftness                Air            2%         N/A       47%         3
 Airstrike                Air            1%         N/A       87%         4
 Metabolic Englaciation   Hex/Ice        3%         N/A       95%         5
 Simulacrum               Ice/Necr       3%         N/A       100%        6


Dungeon Overview and Level Annotations

Branches:
Dungeon (4/15)
 Temple: D:4-7

Altars:
Cheibriados
Dithmenos
Makhleb


Innate Abilities, Weirdness & Mutations

One of your tentacles has grown a beastly spike.
You cannot wear most types of armour.
You are amphibious.
You can wear up to eight rings at the same time.
Your skin changes colour to match your surroundings (Stealth+).
Your rubbery body absorbs attacks. (AC +1, EV +1)
((You are camouflaged near water. (Stealth+)))
You have tentacles for arms and can constrict up to eight enemies at once.
You are agile. (Dex +2)
Your body sometimes deteriorates upon taking damage.
You are covered in fur. (AC +1)


Message History

The hound is moderately wounded.
The hound barely misses you.
You tentacle-slap the scorpion but do no damage.
You grab the scorpion.
You pierce the scorpion, but do no damage.
Your transformation is almost over.
You constrict the scorpion. The hound barely misses you.
The scorpion stings you!
You barely miss the scorpion.
You pierce the scorpion, but do no damage.
You squeeze the scorpion, but do no damage.
The scorpion is lightly wounded.
You constrict the scorpion, but do no damage.
The hound bites you. The scorpion stings you. The hound misses you.
A goblin comes into view. It is wielding a +0 club.
You barely miss the hound. Your grab misses the hound.
The hound is moderately wounded.
You constrict the scorpion. The scorpion misses you. The hound bites you.
You closely miss the hound. Your grab misses the hound.
You pierce the hound.
Your squeeze misses the hound.
The hound is heavily wounded.
You constrict the scorpion. The scorpion misses you. The hound bites you.
You closely miss the hound. You grab the hound.
The hound is heavily wounded.
You constrict the scorpion. You constrict the hound.
The hound closely misses you. The scorpion misses you.
The hound completely misses you. The scorpion stings you!
* * * LOW HITPOINT WARNING * * *
It was a potion of flight.
You feel very buoyant.
You fly up into the air.
You constrict the scorpion, but do no damage.
You constrict the hound. The hound barely misses you. The scorpion misses you.
It was a potion of mutation.
You feel extremely strange.
You feel agile.
You feel yourself wasting away. Fur sprouts all over your body.
You constrict the scorpion.
You constrict the hound, but do no damage.
The hound closely misses you. The scorpion closely misses you.
The hound bites you.
You die...

#####
###...#
#..g@.#
......hs.#
..⌠....###
.....##
#...# ##..
##


You could see a scorpion, a hound and a goblin.

Vanquished Creatures
  An orc priest (D:3)
  3 gnolls (D:3)
  6 adders
  2 worms
  3 dart slugs
  8 orcs
  5 bats
  3 endoplasms
  3 giant cockroaches
  2 hobgoblins
  3 quokkas
  3 ball pythons
  4 frilled lizards
  4 goblins
  8 kobolds
  A rat (D:2)
59 creatures vanquished.

Vanquished Creatures (others)
  26 plants (D:3)
26 creatures vanquished.

Grand Total: 85 creatures vanquished

Notes
Turn   | Place    | Note
-------+----------+-------------------------------------------
     0 | D:1      | ZARRMARR the Octopode Transmuter began the quest for the
                  | Orb.
     0 | D:1      | Reached XP level 1. HP: 13/13 MP: 3/3
   244 | D:1      | Found a faded altar of an unknown god.
   259 | D:1      | Reached XP level 2. HP: 18/18 MP: 3/5
   524 | D:1      | Reached skill level 1 in Ice Magic
   769 | D:1      | Identified a scroll of acquirement
   770 | D:1      | Acquired 909 gold pieces
   800 | D:2      | Reached XP level 3. HP: 22/23 MP: 4/6
  1051 | D:2      | Found a snail-covered altar of Cheibriados.
  1575 | D:2      | Reached XP level 4. HP: 21/28 MP: 6/8
  2111 | D:3      | Found a shadowy altar of Dithmenos.
  2824 | D:3      | Reached XP level 5. HP: 19/33 MP: 7/9
  3610 | D:3      | Learned a level 1 spell: Shock
  3867 | D:3      | Found a burning altar of Makhleb.
  3870 | D:3      | Noticed a blizzard demon
  4160 | D:3      | Found a shadowy altar of Dithmenos.
  4644 | D:3      | Found a burning altar of Makhleb.
  4858 | D:4      | Gained mutation: You are agile. (Dex +2) [potion of
                  | mutation]
  4858 | D:4      | Gained mutation: Your body sometimes deteriorates upon
                  | taking damage. [potion of mutation]
  4858 | D:4      | Gained mutation: You are covered in fur. (AC +1) [potion of
                  | mutation]
  4858 | D:4      | Slain by a hound

Illustrated notes

Levels and vault maps discovered:
D:1:      matt_arrival_spirals, layout_rooms, hellmonk_ecumenical_altar_run_dry,
          minivault_14, minmay_stone_trees_medium
D:2:      layout_basic, basic_altar
D:3:      layout_loops_ring, makhleb_altar_promises_db,
          grunt_dithmenos_smoke_and_mirrors, serial_bayou_lake_a
D:4:      layout_basic, nzn_hepliaklqana_mist_gate, minmay_temple_entry_ruins,
          grunt_ministairs_12

Skill      XL: |  1  2  3  4 |
---------------+-------------+-----
Ice Magic      | 1 2 |  2.8
Transmutations | 3 |  3.5
Spellcasting   | 3 |  3.3
Fighting       | |  1.0
Dodging        | |  2.0
Unarmed Combat | |  3.0

Action                   |  1- 3 |  4- 6 || total
-------------------------+-------+-------++-------
Melee: Unarmed           |    78 |   105 ||   183
       Constrict         |    20 |    26 ||    46
       Kick              |     8 |    33 ||    41
       Tentacles         |    10 |    16 ||    26
       Punch             |     2 |     1 ||     3
 Cast: Beastly Appendage |    20 |    26 ||    46
       Shock             |       |    17 ||    17
  Use: Scroll            |     2 |     1 ||     3
       Potion            |       |     2 ||     2
 Stab: Sleeping          |     6 |     1 ||     7
Armor: Skin              |     8 |     8 ||    16
Dodge: Dodged            |    37 |    51 ||    88
